[Event "Titled Tuesday Blitz March 22 Late 2022"]
[White "Karttunen, Mika"]
[Black "Bryakin, Mikhail"]
[WhiteFideId "502081"]
[BlackFideId "4165314"]
[WhiteElo "2343"]
[BlackElo "2417"]
[Result "1-0"]
[Round "02"]
[TimeControl "180+1"]
[Date "2022.03.22"]
[WhiteClock "0:00:13"]
[BlackClock "0:00:01"]

1. e4 d6 2. d4 Nf6 3. f3 Nbd7 4. Be3 e5 5. d5 c6 6. c4 a5 7. Nc3 Nc5 8. Nge2 g6 9. Qd2 Bg7 10. g4 h5 11. g5 Ng8 12. h4 Ne7 13. Bxc5 dxc5 14. d6 Ng8 15. Na4 b6 16. Bh3 Bxh3 17. Rxh3 Rb8 18. O-O-O Qd7 19. Rh2 f5 20. exf5 gxf5 21. Ng3 Kf7 22. Qd3 Kg6 23. Re2 Qe6 24. Nxb6 Rxb6 25. d7 Ne7 26. d8=Q Rxd8 27. Qxd8 Qxc4+ 28. Rc2 Qf4+ 29. Kb1 Qxg3 30. Qxb6 Qxh4 31. Qxc5 Kf7 32. g6+ Nxg6 33. Qc4+ Kf8 34. Qxc6 Ne7 35. Qe6 Nd5 36. Rxd5 1-0


[Site "https://www.chess.com"]

[Event "Titled Tuesday Blitz March 22 Late 2022"]
[White "Khanin, Semen"]
[Black "Tymrakiewicz, Rafal"]
[WhiteFideId "4111990"]
[BlackFideId "1108832"]
[WhiteElo "2442"]
[BlackElo "2205"]
[Result "1-0"]
[Round "02"]
[TimeControl "180+1"]
[Date "2022.03.22"]
[WhiteClock "0:02:47"]
[BlackClock "0:00:17"]

1. e4 Nf6 2. e5 Nd5 3. c4 Nb6 4. d4 d6 5. exd6 cxd6 6. h3 g6 7. Nf3 Bg7 8. Be2 O-O 9. O-O Nc6 10. Nc3 Bf5 11. d5 Na5 12. Nd4 Naxc4 13. a4 Rc8 14. a5 Nd7 15. Re1 Nxa5 16. Nxf5 gxf5 17. Bd3 e5 18. Bxf5 Nc4 19. Ne4 h6 20. Qg4 Ncb6 21. Bxh6 1-0


[Site "https://www.chess.com"]

[Event "Titled Tuesday Blitz March 22 Late 2022"]
[White "Kohler, Aran"]
[Black "Hnydiuk, Aleksander"]
[WhiteFideId "1002856"]
[BlackFideId "1109057"]
[WhiteElo "2281"]
[BlackElo "2374"]
[Result "1/2-1/2"]
[Round "02"]
[TimeControl "180+1"]
[Date "2022.03.22"]
[WhiteClock "0:00:08"]
[BlackClock "0:00:04"]

1. e4 Nf6 2. e5 Nd5 3. Nc3 Nxc3 4. dxc3 d6 5. Bf4 Nc6 6. Nf3 Bg4 7. Bb5 a6 8. Bxc6+ bxc6 9. h3 Bh5 10. g4 Bg6 11. Qe2 e6 12. O-O-O d5 13. h4 h5 14. Bg5 Qb8 15. Nd4 Qb7 16. f4 c5 17. f5 Bh7 18. fxe6 cxd4 19. exf7+ Kxf7 20. e6+ Kg8 21. e7 Be4 22. Rhf1 Bxe7 23. Bxe7 dxc3 24. b3 Rh6 25. gxh5 Re8 26. Bc5 Qb5 27. Qxb5 axb5 28. Bb4 Ra8 29. a3 Rxh5 30. Rg1 Rxh4 31. Bxc3 g6 32. Kb2 Rh2 33. Rd2 Rxd2 34. Bxd2 Rf8 35. Be3 Rf3 36. Bd4 Rh3 37. a4 Rh2 38. Rc1 bxa4 39. bxa4 Kf7 40. a5 Bd3 41. Be5 Rg2 42. Bxc7 Ke6 43. Bb6 Kd7 44. Kb3 Bc4+ 45. Kb4 Kc6 46. Re1 Rxc2 47. Re6+ Kb7 48. Rxg6 Rb2+ 49. Kc5 Rb5+ 50. Kd4 Rb3 51. Rg7+ Kb8 52. Kc5 Bb5 53. Kxd5 Ba4 54. Kc4 Rb1 55. Rg8+ Kb7 56. Rg7+ Kb8 57. Rg8+ Kb7 58. Rg7+ Kb8 1/2-1/2


[Site "https://www.chess.com"]

[Event "Titled Tuesday Blitz March 22 Late 2022"]
[White "Kokoszczynski, Jan"]
[Black "Holt, Conrad"]
[WhiteFideId "1174460"]
[BlackFideId "2034387"]
[WhiteElo "2163"]
[BlackElo "2586"]
[Result "0-1"]
[Round "02"]
[TimeControl "180+1"]
[Date "2022.03.22"]
[WhiteClock "0:01:24"]
[BlackClock "0:01:47"]

1. e4 e6 2. d4 d5 3. e5 c5 4. c3 Bd7 5. Nf3 b5 6. Bd3 Nc6 7. O-O Qb6 8. dxc5 Bxc5 9. b4 Bf8 10. Be3 Qc7 11. Nbd2 Nxe5 12. Nxe5 Qxe5 13. Bd4 Qc7 14. f4 Ne7 15. f5 e5 16. Bc5 Ng8 17. Bxf8 Kxf8 18. Qe2 Nf6 19. Nb3 h5 20. Bxb5 Qb6+ 21. Kh1 Bxb5 22. Qxe5 Re8 23. Qf4 Bxf1 0-1


[Site "https://www.chess.com"]

[Event "Titled Tuesday Blitz March 22 Late 2022"]
[White "Kovanova, Baira"]
[Black "Van den Dikkenberg, Erik"]
[WhiteFideId "4164083"]
[BlackFideId "1005880"]
[WhiteElo "2190"]
[BlackElo "2118"]
[Result "1-0"]
[Round "02"]
[TimeControl "180+1"]
[Date "2022.03.22"]
[WhiteClock "0:01:01"]
[BlackClock "0:00:57"]

1. e4 c5 2. Nf3 d6 3. d4 cxd4 4. Nxd4 Nf6 5. Nc3 a6 6. Be3 Ng4 7. Bc1 Nc6 8. Be2 Nf6 9. Bg5 Qb6 10. Bxf6 gxf6 11. Nb3 Be6 12. Qd2 a5 13. Nd5 Qd8 14. a3 h5 15. f4 f5 16. exf5 Bxf5 17. Nd4 Nxd4 18. Qxd4 f6 19. Bb5+ Kf7 20. Ne3 Qc8 21. O-O Bh6 22. Bc4+ Kg7 23. Rae1 Be6 24. Nd5 Bxd5 25. Rxe7+ Kf8 26. Qxf6+ Bf7 27. Qxf7# 1-0


[Site "https://www.chess.com"]

[Event "Titled Tuesday Blitz March 22 Late 2022"]
[White "Kozin, Yuri"]
[Black "Gabrielian, Artur"]
[WhiteFideId "4129920"]
[BlackFideId "4131002"]
[WhiteElo "2518"]
[BlackElo "2440"]
[Result "1-0"]
[Round "02"]
[TimeControl "180+1"]
[Date "2022.03.22"]
[WhiteClock "0:00:21"]
[BlackClock "0:00:06"]

1. e4 c5 2. Nf3 d6 3. d4 cxd4 4. Nxd4 Nf6 5. Nc3 Nc6 6. Bc4 Qb6 7. Nb3 e6 8. Be3 Qc7 9. Bd3 Be7 10. f4 a6 11. Qf3 b5 12. g4 Bb7 13. g5 Nd7 14. O-O-O Nb4 15. Kb1 Nc5 16. f5 Nbxd3 17. cxd3 b4 18. Ne2 Nxb3 19. fxe6 O-O 20. axb3 fxe6 21. Qg4 Bc8 22. Rc1 Qd7 23. g6 h6 24. Rhf1 Rxf1 25. Rxf1 e5 26. Qh5 Qg4 27. Ng3 Qxh5 28. Nxh5 Be6 29. d4 Bxb3 30. d5 Rf8 31. Rc1 a5 32. Ng3 Bd8 33. Nf5 Bxd5 34. exd5 Rxf5 35. Rc8 Rf8 36. Ka2 a4 37. Rc6 Be7 38. Rc7 Re8 39. Ra7 Bg5 40. Bf2 e4 41. Be1 a3 42. bxa3 bxa3 43. Kxa3 Be3 44. Rd7 Bc5+ 45. Kb3 e3 46. Bc3 Rb8+ 47. Kc2 Rc8 48. Rxg7+ Kf8 49. Rf7+ Ke8 50. Kd3 Bb6 51. Rh7 e2 52. Rh8+ Kd7 53. Rxc8 Kxc8 54. g7 1-0


[Site "https://www.chess.com"]

[Event "Titled Tuesday Blitz March 22 Late 2022"]
[White "Krstulovic, Alex"]
[Black "Kamsky, Gata"]
[WhiteFideId "760056"]
[BlackFideId "2000024"]
[WhiteElo "2193"]
[BlackElo "2645"]
[Result "0-1"]
[Round "02"]
[TimeControl "180+1"]
[Date "2022.03.22"]
[WhiteClock "0:00:47"]
[BlackClock "0:01:10"]

1. e4 e5 2. Nf3 Nc6 3. Bc4 Nf6 4. d3 h6 5. O-O d6 6. c3 g6 7. d4 Qe7 8. Re1 Bg7 9. dxe5 Nxe5 10. Nxe5 Qxe5 11. Be3 Ng4 12. f4 Nxe3 13. Qa4+ Bd7 14. Bxf7+ Ke7 15. Qb3 Qxf4 16. Bxg6 Rhf8 0-1


[Site "https://www.chess.com"]

[Event "Titled Tuesday Blitz March 22 Late 2022"]
[White "Lauridsen, Jesper Morch"]
[Black "Villegas, Pierre"]
[WhiteFideId "1401890"]
[BlackFideId "654183"]
[WhiteElo "2275"]
[BlackElo "2395"]
[Result "0-1"]
[Round "02"]
[TimeControl "180+1"]
[Date "2022.03.22"]
[WhiteClock "0:00:04"]
[BlackClock "0:00:21"]

1. e4 c6 2. d4 d5 3. Nd2 g6 4. Ngf3 Bg7 5. c3 Nh6 6. exd5 cxd5 7. Bb5+ Nc6 8. h3 O-O 9. Bxc6 bxc6 10. O-O Nf5 11. Nb3 Qc7 12. Re1 a5 13. a4 Nd6 14. Bf4 Bf5 15. Nc5 Qa7 16. g4 Bc8 17. Qe2 Ne4 18. Nxe4 dxe4 19. Qxe4 e6 20. Ne5 Bb7 21. Nxc6 Qb6 22. Ne7+ Kh8 23. Qe3 Rfe8 24. Bg5 f6 25. Qxe6 Qxe6 26. Rxe6 fxg5 27. Rae1 Rf8 28. d5 Rad8 29. d6 Rf3 30. c4 Rxh3 31. Nd5 Bxd5 32. cxd5 Rf3 33. Re8+ Rf8 34. R8e6 Rf6 35. Re8+ Rf8 36. R8e6 Rd7 37. b3 Rfd8 38. Re8+ Bf8 39. R1e6 Kg8 40. Rxd8 Rxd8 41. Re5 Bxd6 0-1


[Site "https://www.chess.com"]

[Event "Titled Tuesday Blitz March 22 Late 2022"]
[White "Lazavik, Denis"]
[Black "Nazaretyan, Tigran"]
[WhiteFideId "13515110"]
[BlackFideId "24162345"]
[WhiteElo "2437"]
[BlackElo "2219"]
[Result "1-0"]
[Round "02"]
[TimeControl "180+1"]
[Date "2022.03.22"]
[WhiteClock "0:02:12"]
[BlackClock "0:01:10"]

1. d4 Nf6 2. c4 d6 3. Nf3 Nbd7 4. Nc3 e5 5. g3 c6 6. e4 Be7 7. Bg2 O-O 8. O-O a6 9. a4 a5 10. h3 Re8 11. Be3 Bf8 12. Qc2 h6 13. Rad1 Qc7 14. Rfe1 exd4 15. Nxd4 Nc5 16. f4 Bd7 17. Bf2 Rad8 18. b3 Bc8 19. g4 g5 20. Be3 gxf4 21. Bxf4 Nfd7 22. Nf5 Ne5 23. Nxh6+ Kh7 24. Nf5 Qb6 25. Qf2 Qxb3 26. Bxe5 dxe5 27. Qh4+ Kg8 28. Qg5+ Kh7 29. Rxd8 Qxc3 30. Rxe8 Qxe1+ 31. Kh2 Nxe4 32. Qh5+ Kg8 33. Rxf8+ Kxf8 34. Qh8# 1-0


[Site "https://www.chess.com"]

[Event "Titled Tuesday Blitz March 22 Late 2022"]
[White "Le Goff, Ronan"]
[Black "Garic, Radomir"]
[WhiteFideId "612073"]
[BlackFideId "920959"]
[WhiteElo "2276"]
[BlackElo "2227"]
[Result "1/2-1/2"]
[Round "02"]
[TimeControl "180+1"]
[Date "2022.03.22"]
[WhiteClock "0:00:08"]
[BlackClock "0:00:04"]

1. d4 Nf6 2. Nf3 c5 3. d5 g6 4. Nc3 Bg7 5. e4 O-O 6. h3 b5 7. e5 Ne8 8. Bxb5 d6 9. O-O Nc7 10. Bc4 Ba6 11. Bxa6 Nbxa6 12. Bf4 Rb8 13. Rb1 Nb4 14. exd6 exd6 15. a3 Bxc3 16. axb4 Bxb4 17. c3 Ba5 18. Bg5 Qd7 19. Re1 Rfe8 20. Qd2 c4 21. Be3 Bb6 22. Bxb6 Rxb6 23. Rxe8+ Qxe8 24. Re1 Qf8 25. Re4 Rb5 26. Rxc4 Rxd5 27. Qe2 Ne6 28. Qe4 Rd1+ 29. Kh2 d5 30. Qe2 Qb8+ 31. g3 dxc4 32. Qxd1 Qxb2 33. Qd2 Qxd2 34. Nxd2 Nc5 35. Nxc4 Ne4 36. f4 Nxc3 37. Kg2 h5 38. Kf3 Kg7 39. g4 h4 40. g5 Nd5 41. Kg4 Kf8 42. Kxh4 Nxf4 43. Kg4 Ne6 44. h4 Ng7 45. Kf4 Ke7 46. Ke5 Nh5 47. Na5 Kd7 48. Nb3 Kc6 49. Nd4+ Kc5 50. Nb3+ Kb4 51. Nd4 Kc4 52. Nc6 a6 53. Kd6 Nf4 54. Ke7 Ng2 55. Kxf7 Nxh4 56. Ne5+ Kd5 57. Nxg6 Nxg6 58. Kxg6 a5 59. Kf7 a4 60. g6 a3 61. g7 a2 62. g8=Q a1=Q 63. Qd8+ Kc6 64. Qc8+ Kb6 65. Qb8+ Kc6 66. Qc8+ Kb6 67. Qd8+ Kc6 68. Qf6+ Qxf6+ 69. Kxf6 1/2-1/2


[Site "https://www.chess.com"]

[Event "Titled Tuesday Blitz March 22 Late 2022"]
[White "Lin, Dachey"]
[Black "Tsukerman, Julia"]
[WhiteFideId "2029650"]
[BlackFideId "2621649"]
[WhiteElo "2313"]
[BlackElo "2110"]
[Result "1-0"]
[Round "02"]
[TimeControl "180+1"]
[Date "2022.03.22"]
[WhiteClock "0:01:16"]
[BlackClock "0:00:19"]

1. g4 d5 2. Bg2 Bxg4 3. c4 c6 4. Qb3 Qd7 5. cxd5 Nf6 6. Nc3 e6 7. h3 Bf5 8. e4 Bg6 9. dxe6 fxe6 10. Nge2 Bc5 11. d4 Bb6 12. Be3 O-O 13. O-O-O Qe7 14. Na4 Nbd7 15. f3 Rad8 16. Kb1 Bf7 17. Nxb6 Nxb6 18. Qc3 Rfe8 19. Bg5 Qc7 20. Bf4 Qe7 21. Rhg1 Kh8 22. h4 Rc8 23. Bh3 Rcd8 24. Bg5 h6 25. Bf4 Nbd7 26. Qe3 Kh7 27. Bc7 Rc8 28. Ba5 b6 29. Bd2 Rcd8 30. Rxg7+ Kxg7 31. Qxh6+ Kg8 32. Rg1+ 1-0


[Site "https://www.chess.com"]

[Event "Titled Tuesday Blitz March 22 Late 2022"]
[White "Luo, Terry"]
[Black "Zhigalko, Sergei"]
[WhiteFideId "30931045"]
[BlackFideId "13502956"]
[WhiteElo "2024"]
[BlackElo "2662"]
[Result "0-1"]
[Round "02"]
[TimeControl "180+1"]
[Date "2022.03.22"]
[WhiteClock "0:00:03"]
[BlackClock "0:00:07"]

1. d4 Nf6 2. c4 e6 3. g3 c5 4. d5 exd5 5. cxd5 d6 6. Nc3 g6 7. Bg2 Bg7 8. Nf3 O-O 9. O-O Re8 10. Bf4 a6 11. a4 Nh5 12. Bg5 Qc7 13. e4 Nd7 14. Re1 Rb8 15. a5 b5 16. axb6 Rxb6 17. Ra2 Qb8 18. Qd2 Rb4 19. Bf1 Nhf6 20. Bd3 Ng4 21. Kg2 Nde5 22. Nxe5 Nxe5 23. Be2 Nc4 24. Bxc4 Rxc4 25. Bf4 Rb4 26. Qc2 Bd4 27. Be3 Bg7 28. Bf4 h6 29. h4 Qb6 30. Qd2 Kh7 31. Re2 Bd7 32. Re1 Bb5 33. Nxb5 axb5 34. f3 Rb3 35. Rea1 c4 36. Kh3 Qc5 37. Qe2 Rc8 38. h5 Rc7 39. hxg6+ fxg6 40. Ra6 Rxb2 41. Qf1 Rd7 42. Rc6 Qd4 43. Ra8 Qd3 44. Qg1 Qxf3 45. Qd1 Qxd1 46. Rh8+ Bxh8 47. Rc8 Qh5# 0-1


[Site "https://www.chess.com"]

[Event "Titled Tuesday Blitz March 22 Late 2022"]
[White "Maghsoodloo, Parham"]
[Black "Palchuk, Andrii"]
[WhiteFideId "12539929"]
[BlackFideId "14176688"]
[WhiteElo "2630"]
[BlackElo "2319"]
[Result "1-0"]
[Round "02"]
[TimeControl "180+1"]
[Date "2022.03.22"]
[WhiteClock "0:01:43"]
[BlackClock "0:00:13"]

1. d4 Nf6 2. c4 e6 3. Nc3 Bb4 4. e3 b6 5. Nf3 Bb7 6. Bd2 Bxc3 7. Bxc3 Ne4 8. Bb4 c5 9. Ba3 O-O 10. Bd3 d6 11. O-O f5 12. Ne1 Nc6 13. f3 Nf6 14. Nc2 a5 15. b3 Qe7 16. Bb2 Rad8 17. Qd2 g6 18. Rae1 e5 19. d5 Nb4 20. a3 Nxd3 21. Qxd3 Bc8 22. a4 Bd7 23. Na3 Rde8 24. Nb1 Nh5 25. Nd2 Nf6 26. Qc3 Qg7 27. h3 Kf7 28. Re2 Nh5 29. Rfe1 Qf6 30. Nf1 Kg8 31. Rf2 Qg5 32. f4 Qf6 33. fxe5 dxe5 34. Nh2 Ng3 35. e4 Qh4 36. Nf3 Qf4 37. Nxe5 Nxe4 38. Rxf4 Nxc3 39. Bxc3 1-0


[Site "https://www.chess.com"]

[Event "Titled Tuesday Blitz March 22 Late 2022"]
[White "Marcziter, Dmitrii"]
[Black "Levitskiy, Andrey"]
[WhiteFideId "13900765"]
[BlackFideId "14132885"]
[WhiteElo "2155"]
[BlackElo "2301"]
[Result "0-1"]
[Round "02"]
[TimeControl "180+1"]
[Date "2022.03.22"]
[WhiteClock "0:01:32"]
[BlackClock "0:00:03"]

1. d4 Nf6 2. Nf3 e6 3. c4 Bb4+ 4. Nbd2 d6 5. a3 Bxd2+ 6. Bxd2 a5 7. b4 Ne4 8. b5 Nxd2 9. Qxd2 Qe7 10. e3 e5 11. Be2 e4 12. Ng1 O-O 13. Bd1 c6 14. a4 c5 15. Ne2 Be6 16. Rc1 Nd7 17. O-O b6 18. Nf4 Rac8 19. Be2 g5 20. Nxe6 Qxe6 21. f3 f5 22. fxe4 fxe4 23. h3 Nf6 24. Rf2 Rf7 25. Rcf1 Rcf8 26. dxc5 dxc5 27. Qc3 Kg7 28. Rf5 Kg6 29. g4 h6 30. Re5 Qd6 31. Rd1 Qc7 32. Kg2 Nd7 33. Re6+ Kh7 34. Rxe4 Rf2+ 35. Kg1 Qh2# 0-1


[Site "https://www.chess.com"]

[Event "Titled Tuesday Blitz March 22 Late 2022"]
[White "Martinez Alcantara, Jose Eduardo"]
[Black "Kaasen, Tor Fredrik"]
[WhiteFideId "3805662"]
[BlackFideId "1516647"]
[WhiteElo "2690"]
[BlackElo "2335"]
[Result "1-0"]
[Round "02"]
[TimeControl "180+1"]
[Date "2022.03.22"]
[WhiteClock "0:01:48"]
[BlackClock "0:01:15"]

1. e4 c5 2. Nf3 d6 3. c3 Nf6 4. h3 e6 5. Bd3 Nc6 6. Bc2 d5 7. e5 Nd7 8. d4 f6 9. Ng5 Ndxe5 10. dxe5 fxg5 11. Qh5+ Kd7 12. Bxg5 Qe8 13. Qe2 Be7 14. Bf4 Rf8 15. Bg3 h5 16. Nd2 h4 17. Bh2 b6 18. f4 a5 19. O-O-O Ba6 20. Qg4 Rd8 21. Bg6 Rf7 22. Qh5 1-0


[Site "https://www.chess.com"]

[Event "Titled Tuesday Blitz March 22 Late 2022"]
[White "Martinez Reyes, Pedro Ramon"]
[Black "P., Komal Kishore"]
[WhiteFideId "3901807"]
[BlackFideId "5016703"]
[WhiteElo "2410"]
[BlackElo "2073"]
[Result "1-0"]
[Round "02"]
[TimeControl "180+1"]
[Date "2022.03.22"]
[WhiteClock "0:01:03"]
[BlackClock "0:00:07"]

1. g4 d5 2. Bg2 c6 3. h3 e5 4. d3 Bd6 5. Nc3 Be6 6. e4 Ne7 7. Bd2 Nd7 8. Nf3 f6 9. Nh4 Qc7 10. Nf5 Bxf5 11. gxf5 g6 12. fxg6 hxg6 13. exd5 Nxd5 14. Nxd5 cxd5 15. Bxd5 O-O-O 16. Qf3 Kb8 17. O-O-O Rc8 18. c3 f5 19. Kb1 Nf6 20. Bb3 e4 21. dxe4 Nxe4 22. Be3 Be5 23. Bd4 Bxd4 24. Rxd4 Rcd8 25. Rhd1 Rxd4 26. Rxd4 Qh2 27. Qd1 Qxh3 28. Rd8+ Kc7 29. Qd7+ Kb6 30. Qe6+ Kc7 31. Qe7+ 1-0


[Site "https://www.chess.com"]

[Event "Titled Tuesday Blitz March 22 Late 2022"]
[White "Matinian, Nikita"]
[Black "Perez Torres, Nabi Isaias"]
[WhiteFideId "24129100"]
[BlackFideId "5120373"]
[WhiteElo "2422"]
[BlackElo "1755"]
[Result "1-0"]
[Round "02"]
[TimeControl "180+1"]
[Date "2022.03.22"]
[WhiteClock "0:01:25"]
[BlackClock "0:00:24"]

1. e4 c5 2. Nf3 d6 3. d4 cxd4 4. Nxd4 Nf6 5. Nc3 g6 6. Be2 Bg7 7. Be3 Nc6 8. Qd2 O-O 9. h4 h5 10. O-O-O d5 11. exd5 Nxd5 12. Nxc6 bxc6 13. Bd4 e5 14. Bc5 Be6 15. Bf3 Re8 16. Nxd5 cxd5 17. Bxd5 Rc8 18. Bxe6 Qxd2+ 19. Rxd2 Rxe6 20. Be3 e4 21. c3 a5 22. Rhd1 Bf6 23. g3 a4 24. Bd4 Be7 25. Kc2 a3 26. b3 Bb4 27. Re1 f5 28. Re3 Rec6 29. Rd1 Kf7 30. c4 Be7 31. Bc3 g5 32. hxg5 Bxg5 33. Re2 Kg6 34. Rd5 h4 35. g4 fxg4 36. Rxe4 g3 37. Rg4 gxf2 38. Rdxg5+ 1-0


[Site "https://www.chess.com"]

[Event "Titled Tuesday Blitz March 22 Late 2022"]
[White "Matlakov, Maxim"]
[Black "Shuvalova, Polina"]
[WhiteFideId "4168003"]
[BlackFideId "24171760"]
[WhiteElo "2669"]
[BlackElo "2355"]
[Result "1-0"]
[Round "02"]
[TimeControl "180+1"]
[Date "2022.03.22"]
[WhiteClock "0:00:37"]
[BlackClock "0:00:03"]

1. e4 c5 2. Nf3 d6 3. c3 Nf6 4. h3 g6 5. Bd3 Bg7 6. Bc2 O-O 7. d4 cxd4 8. cxd4 Nc6 9. O-O Bd7 10. Nc3 Rc8 11. Re1 a6 12. Bg5 h6 13. Be3 Kh7 14. e5 Ne8 15. e6 fxe6 16. Nh4 Rf5 17. g4 Rf6 18. Bxg6+ Kg8 19. g5 hxg5 20. Bxg5 Rxg6 21. Nxg6 Nf6 22. d5 exd5 23. Nxd5 e6 24. Nge7+ Nxe7 25. Nxf6+ Bxf6 26. Bxf6 Kf7 27. Bh4 Qg8+ 28. Kh2 Rc4 29. Qh5+ Qg6 30. Qxg6+ Nxg6 31. Bg3 e5 32. Rac1 Rb4 33. Rc7 Ke6 34. b3 Bc6 35. Rg7 Nf4 36. h4 Nd3 37. Re3 Nf4 38. Rg4 Kf5 39. Rg5+ Kf6 40. Rg8 Rd4 41. Re1 Rd2 42. Rf8+ Ke7 43. Rxf4 1-0


[Site "https://www.chess.com"]

[Event "Titled Tuesday Blitz March 22 Late 2022"]
[White "Mekhitarian, Krikor Sevag"]
[Black "Andreikin, Dmitry"]
[WhiteFideId "2107660"]
[BlackFideId "4158814"]
[WhiteElo "2598"]
[BlackElo "2736"]
[Result "0-1"]
[Round "02"]
[TimeControl "180+1"]
[Date "2022.03.22"]
[WhiteClock "0:00:06"]
[BlackClock "0:01:08"]

1. e4 c5 2. Nf3 e6 3. d4 cxd4 4. Nxd4 a6 5. Bd3 Bc5 6. Nb3 Be7 7. Qg4 g6 8. Qe2 d6 9. O-O Nd7 10. a4 b6 11. Nc3 Bb7 12. Be3 Ngf6 13. Bh6 Bf8 14. Qd2 Rc8 15. Rad1 Qe7 16. Rfe1 Bxh6 17. Qxh6 Ng4 18. Qf4 Nge5 19. Be2 O-O 20. Qd2 Nc5 21. Qxd6 Qxd6 22. Rxd6 Rc6 23. Rxc6 Nxc6 24. Nxc5 bxc5 25. Rd1 Nd4 26. Bd3 Rd8 27. Kf1 f5 28. exf5 gxf5 29. f3 Kf7 30. Ne2 Nc6 31. Nf4 Rd4 32. g3 Ne5 33. Be2 Rxa4 34. Rd6 Bxf3 35. Rxe6 Ng4 36. Bxf3 Nxh2+ 37. Kg2 Nxf3 38. Kxf3 Rxf4+ 39. Kxf4 Kxe6 40. Kg5 Ke5 41. Kh6 f4 42. gxf4+ Kxf4 43. Kxh7 Ke3 44. Kg6 Kd2 45. Kf5 Kxc2 46. Ke4 Kxb2 47. Kd5 a5 48. Kxc5 a4 0-1


[Site "https://www.chess.com"]

[Event "Titled Tuesday Blitz March 22 Late 2022"]
[White "Melaugh, Shane"]
[Black "Przybylski, Wojciech"]
[WhiteFideId "2509580"]
[BlackFideId "1117599"]
[WhiteElo "2014"]
[BlackElo "2133"]
[Result "1-0"]
[Round "02"]
[TimeControl "180+1"]
[Date "2022.03.22"]
[WhiteClock "0:00:07"]
[BlackClock "0:00:08"]

1. c4 Nf6 2. Nc3 e5 3. Nf3 Nc6 4. e4 Be7 5. d4 d6 6. d5 Nb8 7. h3 O-O 8. Be2 a5 9. Be3 Na6 10. O-O Re8 11. Nd2 Bf8 12. a3 c6 13. Rb1 g6 14. b4 axb4 15. axb4 Bg7 16. Ra1 Bd7 17. Qb3 Nh5 18. Bxh5 gxh5 19. c5 Bf8 20. Na4 cxd5 21. exd5 Bb5 22. Rfc1 Nc7 23. Ne4 dxc5 24. Bg5 Be7 25. Bxe7 Qxe7 26. d6 Qe6 27. Qg3+ Kh8 28. Naxc5 Rxa1 29. Rxa1 Qf5 30. dxc7 Bc6 31. Qd3 Rg8 32. Kf1 Qg6 33. Qg3 Bxe4 34. Qxe5+ Qg7 35. Qxg7+ Kxg7 36. Nxe4 Rc8 37. Rc1 Rd8 38. cxd8=Q Kg6 39. Qf6# 1-0


[Site "https://www.chess.com"]

[Event "Titled Tuesday Blitz March 22 Late 2022"]
[White "Mikhailov, Viacheslav"]
[Black "Vasquez Schroeder, Rodrigo"]
[WhiteFideId "4187369"]
[BlackFideId "3400042"]
[WhiteElo "2381"]
[BlackElo "2561"]
[Result "1/2-1/2"]
[Round "02"]
[TimeControl "180+1"]
[Date "2022.03.22"]
[WhiteClock "0:00:17"]
[BlackClock "0:01:24"]

1. Nf3 c5 2. g3 b6 3. Bg2 Bb7 4. O-O Nf6 5. c3 e6 6. d4 Be7 7. a4 Nc6 8. Ne5 Qc7 9. Bf4 d6 10. Nxc6 Bxc6 11. Bxc6+ Qxc6 12. Na3 O-O 13. Qd3 Rfd8 14. Bg5 a6 15. Bxf6 Bxf6 16. e3 Qxa4 17. d5 e5 18. Nc4 Qb5 19. Ra2 a5 20. Nxe5 Qxd3 21. Nxd3 b5 22. Rfa1 a4 23. e4 Re8 24. f3 g6 25. Kf2 Rab8 26. Re1 b4 27. Rxa4 bxc3 28. bxc3 Bxc3 29. Re2 Rb3 30. Nf4 Be5 31. Rc2 Reb8 32. Rac4 Ra3 33. Ne2 Rbb3 34. f4 Bf6 35. e5 dxe5 36. fxe5 Bxe5 37. Rxc5 Rd3 38. Rb5 Kg7 39. Kg2 Rd1 40. Ng1 Rad3 41. Nf3 Bd6 42. h3 Rxd5 43. Rxd5 Rxd5 44. Rd2 Rxd2+ 45. Nxd2 Kf6 46. Kf3 Ke6 47. g4 Be7 48. Ne4 Ke5 49. Nf2 Kd4 50. Ne4 f6 51. Nf2 Ke5 52. Nd3+ Ke6 53. Nf4+ Kd6 54. Ke4 Bd8 55. Nd5 Ke6 56. Nf4+ Kf7 57. Kd5 Bc7 58. Ne2 Be5 59. Nc1 Ke7 60. Nd3 Bd6 61. Nf2 f5 62. gxf5 gxf5 63. Nd1 Bf4 64. Nc3 Kf6 65. Ne2 Be5 66. Ng1 Bf4 67. Nf3 Bh6 68. Kd4 Bf8 69. Kd5 Ba3 70. Kd4 Bb2+ 71. Ke3 h6 72. Kf2 f4 73. Nd2 Kf5 74. Kf3 Bd4 75. Nc4 h5 76. Nd6+ Ke5 77. Nc4+ Kd5 78. Kxf4 Kxc4 79. Kg5 Kd5 80. Kxh5 Bf6 81. Kg4 Ke6 82. h4 Bxh4 1/2-1/2


[Site "https://www.chess.com"]

[Event "Titled Tuesday Blitz March 22 Late 2022"]
[White "Mikhalsky, Vladimir"]
[Black "Savchenko, Boris"]
[WhiteFideId "14144352"]
[BlackFideId "4147332"]
[WhiteElo "2301"]
[BlackElo "2506"]
[Result "1/2-1/2"]
[Round "02"]
[TimeControl "180+1"]
[Date "2022.03.22"]
[WhiteClock "0:00:38"]
[BlackClock "0:00:30"]

1. c4 e6 2. g3 Nf6 3. Bg2 d5 4. Nf3 dxc4 5. Qa4+ Nbd7 6. Qxc4 a6 7. O-O b5 8. Qc2 Bb7 9. d4 c5 10. Rd1 Rc8 11. Qd2 Bd6 12. Nc3 O-O 13. a3 Qe7 14. Qg5 cxd4 15. Nxd4 h6 16. Qe3 Ne5 17. Bxb7 Qxb7 18. Ndxb5 axb5 19. Rxd6 Nc4 20. Qd4 Nxd6 21. Qxd6 Rfd8 22. Qe5 Rxc3 23. Bxh6 Rc2 24. Qg5 Ne8 25. Qxd8 Rc8 26. Qg5 Kf8 27. Rd1 gxh6 28. Qxh6+ Ke7 29. Qh4+ Nf6 30. Qb4+ Ke8 31. Qf4 Ke7 32. Qb4+ Ke8 33. Qf4 Ke7 34. Qb4+ 1/2-1/2


[Site "https://www.chess.com"]

[Event "Titled Tuesday Blitz March 22 Late 2022"]
[White "Milanovic, Marko"]
[Black "Winkels, Marcel"]
[WhiteFideId "980129"]
[BlackFideId "1003887"]
[WhiteElo "2159"]
[BlackElo "1900"]
[Result "1-0"]
[Round "02"]
[TimeControl "180+1"]
[Date "2022.03.22"]
[WhiteClock "0:00:07"]
[BlackClock "0:00:01"]

1. e4 c5 2. Nf3 d6 3. Bb5+ Nd7 4. d4 cxd4 5. Qxd4 a6 6. Bxd7+ Bxd7 7. Nc3 e5 8. Qd3 h6 9. O-O Nf6 10. h3 Be7 11. Be3 O-O 12. Rad1 Rc8 13. Rfe1 b5 14. a3 Be6 15. Qe2 Qc7 16. Rd2 Bc4 17. Qd1 Qb7 18. Nh4 Be6 19. Nf5 Bxf5 20. exf5 Rfd8 21. Rde2 d5 22. Bd4 exd4 23. Rxe7 Rd7 24. Rxd7 Qxd7 25. Qxd4 Qxf5 26. Re2 Qd7 27. Rd2 Rc4 28. Qd3 Qe6 29. Re2 Qd7 30. Qf3 Ne4 31. Nd1 Rc8 32. Ne3 Nf6 33. c3 a5 34. Rd2 Rd8 35. Rd4 Qd6 36. Nf5 Qd7 37. g4 Kh7 38. Qf4 g5 39. Qf3 Ne4 40. Ne3 Qe6 41. Nf5 Qd7 42. Qe3 Qe6 43. f3 Nf6 44. Qf2 Ne8 45. h4 Nc7 46. hxg5 hxg5 47. Qh2+ Kg8 48. Qxc7 1-0


[Site "https://www.chess.com"]